 Dungeon Crawl Stone Soup version 0.20-a0-1006-ge6c5631 (webtiles) character file.

119 Monsterracer the Poker (level 5, 0/38 HPs)
             Began as a Merfolk Skald on Apr 13, 2017.
             Slain by a gnoll
             ... wielding a cursed -3 halberd
              (9 damage)
             ... on level 2 of the Dungeon.
             The game lasted 00:08:27 (2732 turns).

Monsterracer the Poker (Merfolk Skald)              Turns: 2732, Time: 00:08:27

Health: 0/38       AC:  8    Str: 11    XL:     5   Next: 3%
Magic:  8/8        EV:  9    Int: 14    God:
Gold:   94         SH:  0    Dex: 16    Spells: 5/8 levels left

rFire    . . .     SeeInvis .   a - +0 spear
rCold    . . .     Gourm    .   (no shield)
rNeg     . . .     Faith    .   j - +0 scale mail (curse)
rPois    .         Spirit   .   (no helmet)
rElec    .         Reflect  .   (no cloak)
rCorr    .         Harm     .   (no gloves)
MR       .....                  h - +1 pair of boots
Stlth    +.........             (no amulet)
Regen    0.2/turn               e - +3 ring of dexterity
MPRegen  0.2/turn               l - ring of stealth

@: no status effects
A: change form in water, swift swim, stealthy swim
a: no special abilities


You were on level 2 of the Dungeon.
You were not hungry.

You visited 1 branch of the dungeon, and saw 3 of its levels.

You collected 94 gold pieces.

Inventory:

Hand Weapons
 a - a +0 spear (weapon)
Armour
 b - a +0 leather armour
 h - a +1 pair of boots (worn)
 j - a cursed +0 scale mail (worn)
Jewellery
 e - a +3 ring of dexterity (left hand)
 l - a ring of stealth (right hand)
Scrolls
 g - 3 scrolls of amnesia
 i - a scroll of magic mapping
 k - a scroll of identify
Books
 c - a book of Battle

   Spells                             Type                      Level
   a - Infusion                       Charms                       1
   b - Shroud of Golubria             Charms/Translocation         2
   c - Song of Slaying                Charms                       2
   d - Spectral Weapon                Hexes/Charms                 3
   e - Regeneration                   Charms/Necromancy            3
Comestibles
 d - 2 bread rations
 f - a chunk of flesh


   Skills:
 - Level 2.1 Fighting
 + Level 7.3 Polearms
 - Level 0.6 Armour
 - Level 2.6 Dodging
 - Level 2.0 Spellcasting
 - Level 3.2 Charms


You had 5 spell levels left.
You knew the following spells:

 Your Spells              Type           Power        Failure   Level  Hunger
a - Infusion              Chrm           ##..         41%         1    ##.....
b - Song of Slaying       Chrm           ##......     67%         2    ###....


Dungeon Overview and Level Annotations

Branches:
Dungeon (3/15)

Altars:
Ru

Annotations:
D:3 sqweez's ghost, amateur TrBe


Message History

The gnoll hits you but does no damage.
You hit the gnoll.
The gnoll is heavily wounded.
The gnoll hits you with a halberd!
* * * LOW HITPOINT WARNING * * *
You hit the gnoll but do no damage.
The gnoll is heavily wounded.
Your scale mail prevents you from hitting the gnoll.
The gnoll is heavily wounded.
The gnoll hits you with a halberd.
* * * LOW HITPOINT WARNING * * *
You hit the gnoll.
The gnoll is almost dead.
The gnoll barely misses you.
Your scale mail prevents you from hitting the gnoll.
The gnoll is almost dead.
You hit the gnoll but do no damage.
The gnoll is almost dead.
The gnoll hits you with a halberd!
You die...

..>.....#....########......##....
####...##.#### #.....>#..... #
#..#....# ##.####†).#... #
#.#..#### ##.....)..##...
###....# #....###....... ##...)##
#...## ######## ....#..#
######..## #PP^
#......#######......## #PP.
#.###....)...<).@g..##########P._
..# ##......†.)....#...>.....#P.P
### ####....................#PP.
############.........####
###########


You could see a gnoll.

Vanquished Creatures
  2 gnolls (D:2)
  2 adders
  3 worms (D:2)
  5 dart slugs
  4 leopard geckos (D:2)
  5 orcs
  4 bats
  3 giant cockroaches
  5 goblins (D:1)
  5 hobgoblins
  3 jackals (D:3)
  6 kobolds
  2 ball pythons
  A frilled lizard (D:2)
  3 rats (D:1)
53 creatures vanquished.

Notes
Turn   | Place    | Note
-------+----------+-------------------------------------------
     0 | D:1      | Monsterracer the Merfolk Skald began the quest for the Orb.
     0 | D:1      | Reached XP level 1. HP: 16/16 MP: 3/3
    86 | D:1      | Reached skill level 4 in Polearms
    86 | D:1      | Reached XP level 2. HP: 22/22 MP: 5/5
   728 | D:2      | Found a faded altar of an unknown god.
   751 | D:1      | Reached skill level 5 in Polearms
   751 | D:1      | Reached XP level 3. HP: 8/27 MP: 6/6
  1167 | D:2      | Found a sacrificial altar of Ru.
  1227 | D:2      | Reached skill level 6 in Polearms
  1258 | D:2      | Learned a level 2 spell: Song of Slaying
  1276 | D:2      | Reached XP level 4. HP: 26/33 MP: 0/7
  1294 | D:2      | Learned a level 3 spell: Spectral Weapon
  1875 | D:3      | Noticed sqweez's ghost (amateur TrBe)
  2701 | D:2      | Reached skill level 7 in Polearms
  2708 | D:2      | Reached XP level 5. HP: 15/38 MP: 8/8
  2732 | D:2      | Slain by a gnoll

Vault maps used:
D:1:      saegor_arrival_simple_a
D:2:      chequers_ecumenical_altar_simple_redux,
          nicolae_ru_the_path_less_chosen
D:3:      kennysheep_okawaru_gauntlet, minmay_misc_feat_secret_circle

Skill      XL: |  1  2  3  4 |
---------------+-------------+-----
Polearms       | 4 5 6 7 |  7.3
Fighting       | |  2.1
Armour         | |  0.6
Dodging        | |  2.6
Spellcasting   | |  2.0
Charms         | |  3.2

Action                   |  1- 3 |  4- 6 || total
-------------------------+-------+-------++-------
Melee: Spear             |   125 |   159 ||   284
 Cast: Infusion          |     1 |     2 ||     3
  Use: Potion            |     5 |     2 ||     7
       Scroll            |       |     3 ||     3
 Stab: Invisible         |       |     3 ||     3
       Distracted        |       |     1 ||     1
  Eat: Chunk             |     1 |     5 ||     6
Armor: Leather armour    |    10 |       ||    10
       Scale mail        |    21 |    45 ||    66
Dodge: Dodged            |    41 |    51 ||    92
